[Event "42nd Olympiad Baku 2016 Women"]
[Site "Baku"]
[Date "2016.09.06"]
[Round "5.5"]
[White "Geldiyeva, Mahri"]
[Black "Theissl Pokorna, Regina"]
[Result "1/2-1/2"]
[ECO "E15"]
[WhiteElo "2285"]
[BlackElo "2331"]
[Annotator ""]
[PlyCount "114"]
[EventDate "2016.??.??"]
[EventType "team-tourn"]
[EventCountry "AZE"]
[SourceTitle "playchess.com"]
[Source "ChessBase"]
[WhiteTeam "Turkmenistan"]
[BlackTeam "Austria"]
[WhiteTeamCountry "TKM"]
[BlackTeamCountry "AUT"]
[TimeControl "40/5400+30:1800+30"]

1. d4 {(00:00)} Nf6 {(00:00)} 2. Nf3 {(00:11)} e6 {
(00:00)} 3. c4 {(01:56)} b6 {(00:00)} 4. g3 {(00:
26)} Ba6 {(00:31)} 5. b3 {(02:31)} d5 {(01:55)} 6. cxd5 {
(00:56)} exd5 {(00:11)} 7. Bg2 {(00:43)} Bb4+ {(00:
49)} 8. Bd2 {(00:53)} Be7 {(00:35)} 9. O-O {(02:04)} O-O {
(00:46)} 10. Bc3 {(02:59)} Re8 {(16:15)} 11. Nbd2 {
(07:15)} Nbd7 {(02:23)} 12. Re1 {(01:36)} c5 {(14:
19)} 13. Bb2 {(07:21)} Bd6 {(08:27)} 14. Nh4 {(09:27)} Rc8
{(00:37)} 15. e4 {(05:58)} dxe4 {(16:40)} 16. Nxe4 {
(01:08)} Nxe4 {(00:06)} 17. Rxe4 {(02:26)} Rxe4 {(
05:04)} 18. Bxe4 {(00:09)} Nf6 {(00:04)} 19. Bf5 {(10:48)}
Rb8 {(04:10)} 20. dxc5 {(06:19)} Bxc5 {(00:06)} 21. Qc2 {
(00:08)} Bb7 {(02:04)} 22. Rd1 {(09:07)} Qe7 {(01:
05)} 23. h3 {(07:00)} Rd8 {(04:57)} 24. Ng2 {(08:39)}
Rxd1+ {(04:20)} 25. Qxd1 {(00:03)} Ne4 {(04:02)} 26. Kh2 {
(05:42)} Bxf2 {(05:02)} 27. Bxe4 {(00:50)} Bxe4 {(
00:06)} 28. Qg4 {(01:53)} f5 {(05:09)} 29. Qf4 {(01:53)}
Bc5 {(01:52)} 30. Qb8+ {(00:22)} Qf8 {(02:02)} 31. Qxa7 {
(00:25)} h6 {(00:59)} 32. Qd7 {(00:13)} Qe7 {(00:
38)} 33. Qd2 {(01:25)} Kh7 {(00:37)} 34. h4 {(00:44)} Bb7
{(00:29)} 35. Qd3 {(01:01)} Qe4 {(00:27)} 36. Qxe4 {
(00:44)} Bxe4 {(00:09)} 37. Nf4 {(00:01)} g5 {(00:
44)} 38. hxg5 {(00:30)} hxg5 {(00:01)} 39. Ne6 {(00:01)}
Be7 {(00:34)} 40. Bd4 {(00:00)} Bb1 {(00:00)} 41. a4 {
(04:23)} Bc2 {(05:01)} 42. Bxb6 {(00:25)} Bxb3 {(
00:04)} 43. Nc5 {(00:13)} Bd5 {(03:44)} 44. a5 {(02:12)}
Bd6 {(03:57)} 45. a6 {(01:05)} f4 {(06:44)} 46. gxf4 {
(03:42)} Bxf4+ {(00:05)} 47. Kg1 {(02:23)} Be3+ {(
00:05)} 48. Kh2 {(00:05)} Kg6 {(00:09)} 49. Nd7 {(02:34)}
Bf4+ {(00:07)} 50. Kg1 {(00:07)} Kf5 {(00:07)} 51. Bc5 {
(00:41)} Bf3 {(03:35)} 52. a7 {(04:36)} Kg4 {(01:
37)} 53. Nb6 {(00:53)} Kh3 {(00:11)} 54. a8=Q {(00:17)}
Bh2+ {(00:14)} 55. Kf1 {(00:38)} Bxa8 {(00:03)} 56. Nxa8 {
(00:08)} g4 {(00:03)} 57. Nb6 {(00:45)} g3 {(00:05]
} 1/2-1/2

[Event "42nd Olympiad Baku 2016 Women"]
[Site "Baku"]
[Date "2016.09.06"]
[Round "5.27"]
[White "Gevorgyan, Irina"]
[Black "Beydullayeva, Govhar"]
[Result "1/2-1/2"]
[ECO "D45"]
[WhiteElo "2324"]
[BlackElo "1994"]
[Annotator ""]
[PlyCount "83"]
[EventDate "2016.??.??"]
[EventType "team-tourn"]
[EventCountry "AZE"]
[SourceTitle "playchess.com"]
[Source "ChessBase"]
[WhiteTeam "Uzbekistan"]
[BlackTeam "Azerbaijan"]
[WhiteTeamCountry "UZB"]
[BlackTeamCountry "AZE"]
[TimeControl "40/5400+30:1800+30"]

1. Nf3 {(00:00)} d5 {(00:00)} 2. d4 {(00:00)} Nf6 {
(00:00)} 3. c4 {(00:00)} c6 {(00:18)} 4. e3 {(00:
00)} e6 {(00:12)} 5. Nc3 {(00:00)} Nbd7 {(00:16)} 6. Qc2 {
(00:05)} Bd6 {(00:22)} 7. b3 {(00:07)} O-O {(00:23]
} 8. Be2 {(00:07)} e5 {(00:29)} 9. cxd5 {(00:34)} cxd5 {
(03:59)} 10. Nb5 {(00:20)} Bb4+ {(00:25)} 11. Bd2 {
(00:05)} Bxd2+ {(00:34)} 12. Nxd2 {(00:06)} a6 {(
00:44)} 13. dxe5 {(04:30)} Nxe5 {(00:46)} 14. Nd4 {(00:06]
} Bg4 {(01:57)} 15. O-O {(00:26)} Rc8 {(06:48)} 16. Qb2 {
(00:23)} Bxe2 {(02:38)} 17. Nxe2 {(00:07)} Qd6 {(
01:46)} 18. Qd4 {(13:33)} Rc2 {(13:31)} 19. Rfd1 {(05:55)}
Nc6 {(05:15)} 20. Qa4 {(13:11)} Rc8 {(15:26)} 21. Nd4 {
(17:43)} Nxd4 {(01:59)} 22. Qxd4 {(00:08)} Qa3 {(
02:23)} 23. e4 {(10:42)} Nxe4 {(07:44)} 24. Nxe4 {(00:07)}
dxe4 {(00:02)} 25. Qxe4 {(00:52)} Qc5 {(08:25)} 26. Qf4 {
(01:25)} h6 {(04:44)} 27. h3 {(04:35)} Qc3 {(06:23]
} 28. Rab1 {(01:44)} Rxa2 {(08:42)} 29. Rd7 {(02:48)} Qf6
{(00:38)} 30. Qxf6 {(00:35)} gxf6 {(00:03)} 31. Rxb7 {
(00:17)} Rcc2 {(00:08)} 32. Rf1 {(01:02)} a5 {(02:
49)} 33. Rb5 {(02:00)} Rcb2 {(00:43)} 34. Rf5 {(05:10)}
Rxb3 {(01:31)} 35. Rxf6 {(00:07)} Kg7 {(00:07)} 36. Rf4 {
(00:17)} a4 {(02:13)} 37. Rd1 {(00:14)} Rb7 {(00:
28)} 38. Rd6 {(02:03)} Ra7 {(01:41)} 39. Rg4+ {(03:17)}
Kf8 {(00:47)} 40. Rxh6 {(00:00)} a3 {(00:00)} 41. Rh8+ {
(07:48)} Ke7 {(01:24)} 42. Rf4 {(01:06)} 1/2-1/2

[Event "42nd Olympiad Baku 2016 Women"]
[Site "Baku"]
[Date "2016.09.06"]
[Round "5.12"]
[White "Gitu, Paula-Alexandra"]
[Black "Hamid, Rani"]
[Result "1-0"]
[ECO "B40"]
[WhiteElo "1892"]
[BlackElo "1993"]
[Annotator ""]
[PlyCount "131"]
[EventDate "2016.??.??"]
[EventType "team-tourn"]
[EventCountry "AZE"]
[SourceTitle "playchess.com"]
[Source "ChessBase"]
[WhiteTeam "Moldova"]
[BlackTeam "Bangladesh"]
[WhiteTeamCountry "MDA"]
[BlackTeamCountry "BAN"]
[TimeControl "40/5400+30:1800+30"]

1. e4 {(00:00)} c5 {(00:00)} 2. Nf3 {(00:00)} e6 {(
00:00)} 3. c3 {(00:00)} d5 {(00:21)} 4. exd5 {(00:00)}
Qxd5 {(00:14)} 5. Na3 {(00:04)} Nf6 {(01:00)} 6. d4 {
(00:34)} cxd4 {(00:57)} 7. Nb5 {(00:26)} Na6 {(02:
34)} 8. Qxd4 {(02:33)} Bc5 {(05:20)} 9. Qxd5 {(02:31)}
Nxd5 {(06:55)} 10. Bc4 {(03:21)} O-O {(01:43)} 11. O-O {
(17:11)} h6 {(02:10)} 12. Rd1 {(17:02)} Nf6 {(03:
22)} 13. Nbd4 {(25:29)} Nc7 {(01:03)} 14. Nb3 {(04:01)}
Bb6 {(03:46)} 15. Bf4 {(01:19)} Ncd5 {(01:06)} 16. Bxd5 {
(01:02)} Nxd5 {(00:48)} 17. Bd6 {(00:29)} Rd8 {(02:
18)} 18. Bc5 {(00:32)} Bxc5 {(02:24)} 19. Nxc5 {(01:43)}
b6 {(00:12)} 20. Nb3 {(00:17)} Ba6 {(00:54)} 21. Nbd4 {
(02:24)} Rac8 {(00:24)} 22. Rd2 {(01:21)} Nf6 {(02:
34)} 23. Ne5 {(06:55)} Rd5 {(00:51)} 24. Ndf3 {(03:51)}
Rxd2 {(03:20)} 25. Nxd2 {(00:04)} Rc5 {(04:43)} 26. Re1 {
(02:31)} Bb7 {(07:05)} 27. f3 {(02:36)} Rd5 {(06:
31)} 28. Nb3 {(01:22)} Nd7 29. Nxd7 {(01:29)} Rxd7 {(03:
01)} 30. Kf2 {(00:32)} Bd5 {(01:50)} 31. Rd1 {(00:55)} Rc7
{(00:17)} 32. Ke3 {(01:24)} a5 {(01:50)} 33. Rd4 {(
01:49)} Kf8 {(00:47)} 34. Kd2 {(00:27)} Ke7 {(01:47)} 35.
Nc1 {(00:29)} Rd7 {(03:12)} 36. b3 {(00:37)} e5 {(
01:25)} 37. Rd3 {(00:11)} b5 {(00:38)} 38. Ne2 {(00:41)}
f5 {(04:13)} 39. Ng3 {(00:17)} g6 {(00:21)} 40. h4 {
(00:00)} h5 {(00:00)} 41. Nf1 {(05:21)} f4 {(01:46]
} 42. Ke2 {(05:03)} a4 {(00:55)} 43. Nd2 {(00:11)} axb3 {
(04:44)} 44. axb3 {(00:00)} Ke6 {(00:41)} 45. c4 {(
02:15)} bxc4 {(01:55)} 46. bxc4 {(00:11)} Bc6 {(00:27)}
47. Rxd7 {(00:45)} Kxd7 {(01:19)} 48. Kd3 {(01:13)} Ke6 {
(03:04)} 49. Kc3 {(04:55)} Kf5 {(00:40)} 50. Kb4 {(
00:23)} g5 {(01:20)} 51. Kc5 {(04:24)} Ba8 {(00:11)} 52.
hxg5 Kxg5 {(00:10)} 53. Kd6 {(00:23)} Kf5 {(00:28)} 54. c5
{(00:09)} h4 {(01:59)} 55. c6 {(00:46)} Kf6 {(00:
39)} 56. Ne4+ {(00:21)} Kf5 {(00:16)} 57. c7 {(00:33)} Bb7
{(00:07)} 58. Kd7 {(00:28)} h3 {(02:00)} 59. gxh3 {
(00:16)} Bxe4 {(00:10)} 60. fxe4+ {(00:02)} Kxe4 {(
00:02)} 61. c8=Q {(00:08)} f3 {(00:05)} 62. Qc4+ {(01:17)}
Ke3 {(00:06)} 63. Ke6 {(00:14)} f2 {(01:18)} 64. Kxe5 {
(00:06)} Kf3 {(00:05)} 65. Qf4+ {(00:27)} Kg2 {(00:
03)} 66. h4 {(00:09)} 1-0

[Event "42nd Olympiad Baku 2016 Women"]
[Site "Baku"]
[Date "2016.09.06"]
[Round "5.30"]
[White "Gjergji, Rozana"]
[Black "Nouman, Amna"]
[Result "1/2-1/2"]
[ECO "C78"]
[WhiteElo "1947"]
[BlackElo "1983"]
[Annotator ""]
[PlyCount "67"]
[EventDate "2016.??.??"]
[EventType "team-tourn"]
[EventCountry "AZE"]
[SourceTitle "playchess.com"]
[Source "ChessBase"]
[WhiteTeam "Albania"]
[BlackTeam "United Arab Emirates"]
[WhiteTeamCountry "ALB"]
[BlackTeamCountry "UAE"]
[TimeControl "40/5400+30:1800+30"]

1. e4 {(00:00)} e5 {(00:00)} 2. Nf3 {(00:00)} Nc6 {
(00:00)} 3. Bb5 {(00:00)} a6 {(00:00)} 4. Ba4 {(00:
00)} Nf6 {(00:10)} 5. O-O {(00:08)} b5 {(00:05)} 6. Bb3 {
(00:04)} Bc5 {(00:06)} 7. d3 {(01:28)} d6 {(00:49)}
8. c3 {(01:53)} O-O {(00:51)} 9. h3 {(00:47)} h6 {(
00:44)} 10. Nbd2 {(02:19)} Re8 {(02:55)} 11. Re1 {(04:57)}
Be6 {(03:24)} 12. Bc2 {(05:17)} Bb6 {(14:40)} 13. Nf1 {
(01:16)} d5 {(00:28)} 14. exd5 {(05:07)} Qxd5 {(02:
08)} 15. Ne3 {(06:13)} Qd7 {(15:59)} 16. Nh2 {(09:31)}
Rad8 {(02:59)} 17. Qf3 {(03:51)} Bxe3 {(25:10)} 18. Bxe3 {
(02:18)} Bf5 {(09:32)} 19. Rad1 {(08:11)} Nd5 {(02:
14)} 20. Bb3 {(04:30)} Nxe3 {(01:31)} 21. Rxe3 {(02:09)}
Be6 {(03:04)} 22. Bxe6 {(04:48)} Rxe6 {(00:36)} 23. Qe2 {
(03:15)} Rg6 {(02:17)} 24. Kh1 {(03:02)} Qd5 {(01:
35)} 25. Nf3 {(03:02)} Re6 {(04:00)} 26. Re1 {(02:06)}
Qxa2 {(01:20)} 27. Nxe5 {(01:18)} Nxe5 {(00:17)} 28. Rxe5
{(00:03)} Rxe5 {(00:27)} 29. Qxe5 {(00:01)} Qxb2 {(
00:20)} 30. Qxc7 {(00:03)} Rf8 {(01:00)} 31. Kg1 {(02:52)}
b4 {(00:58)} 32. cxb4 {(01:45)} Qxb4 {(00:03)} 33. Ra1 {
(01:04)} Qd4 {(01:24)} 34. Rxa6 {(01:30)} 1/2-1/2

[Event "42nd Olympiad Baku 2016 Women"]
[Site "Baku"]
[Date "2016.09.06"]
[Round "5.18"]
[White "Gomez Barrera, Javiera Belen"]
[Black "Shih, Ching-An"]
[Result "1-0"]
[ECO "C60"]
[WhiteElo "2027"]
[BlackElo "1460"]
[Annotator ""]
[PlyCount "43"]
[EventDate "2016.??.??"]
[EventType "team-tourn"]
[EventCountry "AZE"]
[SourceTitle "playchess.com"]
[Source "ChessBase"]
[WhiteTeam "Chile"]
[BlackTeam "Taiwan"]
[WhiteTeamCountry "CHI"]
[BlackTeamCountry "TPE"]
[TimeControl "40/5400+30:1800+30"]

1. e4 {(00:00)} e5 {(00:00)} 2. Nf3 {(00:00)} Nc6 {
(00:00)} 3. Bb5 {(00:00)} Nge7 {(00:01)} 4. Nc3 {(
00:47)} d6 {(01:01)} 5. d4 {(02:25)} exd4 {(00:53)} 6.
Nxd4 {(07:45)} Bd7 {(02:45)} 7. O-O {(05:08)} Nxd4 {
(02:58)} 8. Bxd7+ {(03:16)} Qxd7 {(00:08)} 9. Qxd4 {
(00:04)} Nc6 {(00:09)} 10. Qd1 {(04:45)} Be7 {(02:
58)} 11. Nd5 {(00:16)} O-O {(00:34)} 12. b3 {(01:35)} Rfe8
{(00:35)} 13. Bb2 {(00:28)} Bf8 {(00:37)} 14. Re1 {
(00:58)} Rad8 {(00:23)} 15. Qf3 {(09:34)} Re6 {(05:
04)} 16. Qc3 {(21:42)} Rde8 {(11:14)} 17. Re3 {(13:29)}
Rg6 {(15:11)} 18. f4 {(06:35)} Qg4 {(02:46)} 19. Rg3 {
(00:10)} Qd7 {(00:06)} 20. f5 {(02:28)} Rxg3 {(00:
23)} 21. Nf6+ {(00:45)} gxf6 {(00:08)} 22. Qxg3+ {(00:04)}
1-0

[Event "42nd Olympiad Baku 2016 Women"]
[Site "Baku"]
[Date "2016.09.06"]
[Round "5.5"]
[White "Goossens, Hanne"]
[Black "Nazarova, Anastasia"]
[Result "1-0"]
[ECO "B35"]
[WhiteElo "2149"]
[BlackElo "1897"]
[Annotator ""]
[PlyCount "117"]
[EventDate "2016.??.??"]
[EventType "team-tourn"]
[EventCountry "AZE"]
[SourceTitle "playchess.com"]
[Source "ChessBase"]
[WhiteTeam "Belgium"]
[BlackTeam "Finland"]
[WhiteTeamCountry "BEL"]
[BlackTeamCountry "FIN"]
[TimeControl "40/5400+30:1800+30"]

1. e4 {(00:00)} c5 {(00:00)} 2. Nf3 {(00:00)} g6 {(
00:00)} 3. d4 {(00:00)} cxd4 {(00:00)} 4. Nxd4 {(00:00)}
Nc6 {(00:00)} 5. Nc3 {(00:26)} Bg7 {(00:00)} 6. Be3 {
(00:13)} Nf6 {(00:25)} 7. Bc4 {(00:32)} O-O {(00:
14)} 8. Bb3 {(00:46)} d6 {(00:07)} 9. f3 {(00:57)} Bd7 {
(00:07)} 10. Qd2 {(00:16)} Nxd4 {(00:13)} 11. Bxd4 {
(00:42)} b5 {(00:05)} 12. a4 {(01:10)} b4 {(05:19)}
13. Nd5 {(00:31)} Nxd5 {(01:04)} 14. exd5 {(01:56)} Bxd4 {
(09:08)} 15. Qxd4 {(00:08)} Qa5 {(01:32)} 16. O-O {
(16:51)} Rac8 {(12:43)} 17. Rfe1 {(06:38)} Rfe8 {(
01:07)} 18. Re4 {(17:02)} Bf5 {(04:18)} 19. Qxb4 {(08:16)}
Qxb4 {(00:49)} 20. Rxb4 {(00:06)} Bxc2 {(00:06)} 21. Re1 {
(06:44)} a5 {(05:09)} 22. Rb6 {(05:18)} Bxb3 {(00:
05)} 23. Rxb3 {(00:05)} Rc5 {(00:05)} 24. Rd3 {(01:54)}
Kf8 {(03:37)} 25. Re2 {(06:29)} Rb8 {(00:21)} 26. b3 {
(01:06)} Rb4 {(00:43)} 27. Kf2 {(01:42)} h5 {(01:
46)} 28. Re4 {(02:26)} Rc2+ {(07:01)} 29. Re2 {(00:32)}
Rxe2+ {(04:38)} 30. Kxe2 {(00:06)} Kg7 {(10:34)} 31. Kd2 {
(01:31)} Kf6 {(02:33)} 32. Kc3 {(01:21)} Rb7 {(02:
36)} 33. Kd4 {(03:19)} Rb4+ {(00:21)} 34. Kc3 {(00:24)}
Rb7 {(00:13)} 35. Rd4 {(04:34)} Ke5 {(07:12)} 36. f4+ {
(01:50)} Kf6 {(02:07)} 37. b4 {(03:21)} Rc7+ {(03:
50)} 38. Kb3 {(05:08)} axb4 {(01:47)} 39. a5 {(03:31)} Rc1
{(02:12)} 40. Rxb4 {(00:00)} Rb1+ {(00:00)} 41. Ka4 {
(05:02)} Ra1+ {(01:43)} 42. Kb5 {(00:16)} e5 {(01:
48)} 43. a6 {(05:43)} exf4 {(00:54)} 44. Rxf4+ {(01:37)}
Ke5 {(00:33)} 45. Ra4 {(01:53)} Rb1+ {(00:25)} 46. Kc6 {
(00:40)} Rb8 {(00:36)} 47. a7 {(00:48)} Ra8 {(00:
03)} 48. Kb7 {(00:26)} Rxa7+ {(00:10)} 49. Rxa7 {(00:59)}
Kxd5 {(00:11)} 50. Ra5+ {(00:55)} Ke4 {(00:19)} 51. Kc6 {
(00:08)} f5 {(00:37)} 52. Kxd6 {(00:16)} Ke3 {(01:
07)} 53. Ke5 {(00:33)} Kf2 {(00:22)} 54. Ra2+ {(00:43)}
Kg1 {(00:08)} 55. h3 {(00:49)} Kh2 {(00:17)} 56. Kf4 {
(00:32)} h4 {(00:11)} 57. g3+ {(01:13)} Kxh3 {(00:
15)} 58. gxh4 {(00:10)} g5+ {(00:06)} 59. hxg5 {(00:10)}
1-0

[Event "42nd Olympiad Baku 2016 Women"]
[Site "Baku"]
[Date "2016.09.06"]
[Round "5.18"]
[White "Guerrero Rodriguez, Alejandra"]
[Black "Thorsteinsdottir, Gudlaug"]
[Result "1/2-1/2"]
[ECO "B40"]
[WhiteElo "2043"]
[BlackElo "2046"]
[Annotator ""]
[PlyCount "100"]
[EventDate "2016.??.??"]
[EventType "team-tourn"]
[EventCountry "AZE"]
[SourceTitle "playchess.com"]
[Source "ChessBase"]
[WhiteTeam "Mexico"]
[BlackTeam "Iceland"]
[WhiteTeamCountry "MEX"]
[BlackTeamCountry "ISL"]
[TimeControl "40/5400+30:1800+30"]

1. e4 {(00:00)} c5 {(00:00)} 2. Nf3 {(00:00)} e6 {(
00:00)} 3. b3 {(00:15)} Nc6 {(00:52)} 4. Bb2 {(00:44)} d6
{(00:53)} 5. d4 {(00:59)} cxd4 {(04:21)} 6. Nxd4 {(
00:23)} Nxd4 {(05:39)} 7. Qxd4 {(03:09)} e5 {(04:38)} 8.
Bb5+ {(08:08)} Bd7 {(00:12)} 9. Qa4 {(03:28)} Nf6 {
(00:43)} 10. Nd2 {(02:14)} Be7 {(01:29)} 11. Bxd7+ {
(04:10)} Nxd7 {(00:53)} 12. c4 {(05:33)} O-O {(00:
21)} 13. O-O {(08:06)} Nc5 {(12:08)} 14. Qb4 {(01:42)} f5
{(00:23)} 15. exf5 {(02:39)} Rxf5 {(00:12)} 16. Qc3 {
(00:53)} Qf8 {(01:13)} 17. Qc2 {(01:18)} Ne6 {(09:
24)} 18. Ne4 {(03:36)} Kh8 {(02:50)} 19. Rad1 {(01:41)}
Rc8 {(03:08)} 20. Ng3 {(06:50)} Rf4 {(03:51)} 21. Bc1 {
(00:37)} Rf6 {(03:55)} 22. Be3 {(01:58)} b6 {(06:
32)} 23. Rd5 {(05:01)} Nf4 {(02:35)} 24. Bxf4 {(01:06)}
exf4 {(01:53)} 25. Ne4 {(06:19)} Rh6 {(00:44)} 26. f3 {
(01:43)} Qf7 {(10:09)} 27. Rfd1 {(01:51)} Rc6 {(05:
26)} 28. Qd2 {(03:39)} Re6 {(01:15)} 29. Qd3 {(02:14)} h6
{(00:26)} 30. b4 {(00:30)} Qf8 {(04:33)} 31. a4 {(
04:05)} Qc8 {(00:32)} 32. Rc1 {(02:53)} a6 {(00:07)} 33.
Qd4 {(01:05)} Bf6 {(02:20)} 34. Nxf6 {(01:20)} Rxf6 {
(00:06)} 35. Qe4 {(09:07)} Qe6 {(04:11)} 36. Re1 {(
00:16)} Qc8 {(01:59)} 37. Rd4 {(01:09)} a5 {(01:49)} 38.
bxa5 {(01:01)} bxa5 {(00:05)} 39. Rb1 {(00:22)} Rf8 {
(04:08)} 40. h3 {(00:00)} Rc5 {(00:00)} 41. Qe7 {(
04:40)} Re8 {(17:20)} 42. Qxd6 {(01:24)} Rxc4 {(00:35)}
43. Qxf4 {(00:49)} Qc5 {(00:55)} 44. Rb8 {(03:28)} Rxb8 {
(01:47)} 45. Qxb8+ {(00:06)} Kh7 {(00:06)} 46. Qb1+ {
(00:15)} Kg8 {(03:08)} 47. Qb8+ {(00:09)} Kf7 {(01:
29)} 48. Qf4+ {(00:56)} Kg8 {(02:10)} 49. Qb8+ {(00:16)}
Kh7 {(02:07)} 50. Qb1+ {(00:10)} Kg8 {(03:15)} 1/2-1/2

[Event "42nd Olympiad Baku 2016 Women"]
[Site "Baku"]
[Date "2016.09.06"]
[Round "5.6"]
[White "Haast, Anne"]
[Black "Pourkashiyan, Atousa"]
[Result "1/2-1/2"]
[ECO "B41"]
[WhiteElo "2306"]
[BlackElo "2335"]
[Annotator ""]
[PlyCount "109"]
[EventDate "2016.??.??"]
[EventType "team-tourn"]
[EventCountry "AZE"]
[SourceTitle "playchess.com"]
[Source "ChessBase"]
[WhiteTeam "Netherlands"]
[BlackTeam "Iran"]
[WhiteTeamCountry "NED"]
[BlackTeamCountry "IRI"]
[TimeControl "40/5400+30:1800+30"]

1. e4 {(00:00)} c5 {(00:00)} 2. Nf3 {(00:00)} e6 {(
00:00)} 3. d4 {(00:02)} cxd4 {(00:00)} 4. Nxd4 {(00:09)}
a6 {(00:03)} 5. c4 {(00:59)} Nf6 {(00:15)} 6. Nc3 {
(00:13)} Qc7 {(00:18)} 7. a3 {(01:04)} b6 {(00:38)}
8. Be3 {(00:41)} Bb7 {(00:15)} 9. f3 {(00:31)} Nc6 {
(00:16)} 10. Na4 {(25:31)} Rb8 {(11:45)} 11. Qd2 {(
09:11)} Ne5 {(21:46)} 12. Rc1 {(03:12)} d6 {(13:23)} 13.
Be2 {(03:09)} Ned7 {(09:17)} 14. b4 {(04:35)} Be7 {
(04:13)} 15. O-O {(01:07)} O-O {(00:19)} 16. Rfd1 {
(02:18)} Rfc8 {(02:43)} 17. Bf1 {(10:21)} Qd8 {(02:
51)} 18. Qf2 {(01:39)} Bxe4 {(12:53)} 19. fxe4 {(13:53)}
Ng4 {(00:05)} 20. Qg3 {(01:59)} Nxe3 {(00:04)} 21. Qxe3 {
(00:06)} Bg5 {(00:04)} 22. Qe1 {(00:55)} Bxc1 {(00:
27)} 23. Rxc1 {(00:09)} Ne5 {(01:33)} 24. Nb2 {(03:50)} b5
{(07:16)} 25. cxb5 {(03:30)} Qb6 {(04:36)} 26. Rd1 {
(03:14)} axb5 {(00:34)} 27. Kh1 {(00:40)} Nc4 {(01:
22)} 28. Bxc4 {(00:47)} bxc4 {(00:02)} 29. Qc3 {(00:36)}
Qb7 {(02:08)} 30. Nxc4 {(06:35)} Qxe4 {(04:04)} 31. Nxd6 {
(00:24)} Rxc3 {(01:18)} 32. Nxe4 {(00:02)} Rxa3 {(
00:12)} 33. h3 {(03:02)} h6 {(00:44)} 34. Rb1 {(01:02)}
Ra4 {(00:33)} 35. Nc6 {(00:18)} Rb6 {(00:32)} 36. Nc5 {
(00:19)} Ra2 {(00:25)} 37. Nd4 {(01:41)} e5 {(00:
47)} 38. Nf5 {(00:23)} Kh7 {(00:27)} 39. Ne3 {(00:24)} Rb5
{(00:27)} 40. Kg1 {(00:00)} g6 {(00:00)} 41. Ng4 {(
04:32)} Rc2 {(07:10)} 42. Rf1 {(02:47)} f5 {(03:00)} 43.
Nxe5 {(03:15)} Rxb4 {(00:29)} 44. Ncd3 {(01:28)} Ra4 {
(04:48)} 45. Rb1 {(02:03)} Ra7 {(00:27)} 46. Kh2 {(
09:00)} g5 {(01:55)} 47. Kg3 {(08:40)} Rd2 {(04:49)} 48.
Kf3 {(00:37)} h5 {(03:37)} 49. Rb6 {(01:12)} h4 {(
01:20)} 50. Rf6 {(01:18)} Ra3 {(01:39)} 51. Rxf5 {(00:51)}
Raxd3+ {(00:20)} 52. Nxd3 {(00:01)} Rxd3+ {(00:05)} 53.
Kg4 {(01:09)} Rg3+ {(00:18)} 54. Kh5 {(00:05)} Rxg2 {
(00:16)} 55. Rxg5 {(00:08)} 1/2-1/2

[Event "42nd Olympiad Baku 2016 Women"]
[Site "Baku"]
[Date "2016.09.06"]
[Round "5.8"]
[White "Hapala, Elisabeth"]
[Black "Hallaeva, Bahar"]
[Result "0-1"]
[ECO "C67"]
[WhiteElo "2021"]
[BlackElo "2103"]
[Annotator ""]
[PlyCount "150"]
[EventDate "2016.??.??"]
[EventType "team-tourn"]
[EventCountry "AZE"]
[SourceTitle "playchess.com"]
[Source "ChessBase"]
[WhiteTeam "Austria"]
[BlackTeam "Turkmenistan"]
[WhiteTeamCountry "AUT"]
[BlackTeamCountry "TKM"]
[TimeControl "40/5400+30:1800+30"]

1. e4 {(00:00)} e5 {(00:00)} 2. Nf3 {(00:00)} Nc6 {
(00:00)} 3. Bb5 {(00:00)} Nf6 {(00:00)} 4. O-O {(
00:00)} Nxe4 {(00:00)} 5. d4 {(00:01)} Nd6 {(00:00)} 6.
Bxc6 {(00:05)} dxc6 {(00:00)} 7. dxe5 {(00:05)} Nf5 {
(00:00)} 8. Qxd8+ {(00:07)} Kxd8 {(00:00)} 9. h3 {(
00:16)} Ne7 {(04:54)} 10. Ng5 {(22:37)} Ke8 {(02:08)} 11.
Nc3 {(00:34)} h5 {(09:36)} 12. f4 {(25:56)} Bf5 {(
03:18)} 13. Nce4 {(05:04)} h4 {(05:47)} 14. c4 {(03:53)}
Ng6 {(08:29)} 15. b3 {(01:38)} Be7 {(01:07)} 16. Re1 {
(02:07)} Bxg5 {(13:45)} 17. Nxg5 {(00:33)} c5 {(07:
15)} 18. Kf2 {(08:29)} b6 {(06:42)} 19. Kf3 {(01:56)} Rd8
{(09:08)} 20. Be3 {(03:56)} Ke7 {(02:54)} 21. Rad1 {
(00:52)} a5 {(03:52)} 22. Ne4 {(00:57)} Rxd1 {(01:
03)} 23. Rxd1 {(00:04)} Rd8 {(02:16)} 24. Rxd8 {(03:12)}
Kxd8 {(00:01)} 25. Bf2 {(02:57)} Bd7 {(11:14)} 26. Nc3 {
(00:42)} Bf5 {(00:07)} 27. Be1 {(04:13)} Kd7 {(01:
01)} 28. Ke3 {(03:00)} Ke7 {(01:43)} 29. Nd5+ {(07:45)}
Kd7 {(00:05)} 30. Nc3 {(00:48)} Ke6 {(00:54)} 31. Ne4 {
(00:38)} Ke7 {(03:05)} 32. Kf3 {(01:38)} Bd7 {(01:
33)} 33. Bc3 {(00:22)} Bf5 {(01:18)} 34. Bd2 {(00:29)} Bd7
{(01:17)} 35. Nc3 {(01:14)} Bf5 {(01:58)} 36. Bc1 {
(00:53)} Ke6 {(00:34)} 37. Ne4 {(00:40)} Ke7 {(00:
28)} 38. Bb2 {(00:14)} Nf8 {(00:39)} 39. Nc3 {(00:34)} Kd7
{(00:32)} 40. Nd5 {(00:00)} Bb1 {(00:00)} 41. Nc3 {
(07:51)} Bf5 {(00:39)} 42. Ne4 {(05:24)} Ke7 {(00:
42)} 43. Ke3 {(07:31)} Ne6 {(06:34)} 44. Bc3 {(00:10)} Nf8
{(00:17)} 45. Be1 {(01:23)} Ng6 {(00:04)} 46. a3 {(
03:31)} Ke8 {(06:05)} 47. Bd2 {(01:08)} Bd7 {(01:34)} 48.
Nc3 {(01:22)} Bf5 {(05:52)} 49. Ne4 {(00:57)} Ne7 {
(03:40)} 50. Be1 {(01:11)} Ng6 {(00:04)} 51. a4 {(
01:15)} Bd7 {(02:36)} 52. Nc3 {(00:49)} Bf5 {(00:43)} 53.
Ne4 {(00:14)} Ke7 {(00:58)} 54. Kf3 {(00:31)} Bd7 {
(00:39)} 55. Nc3 {(03:31)} Bf5 {(04:25)} 56. Ne2 {(
00:21)} Bc2 {(01:14)} 57. Nc1 {(00:01)} Ke6 {(00:54)} 58.
Kg4 {(00:39)} Bf5+ {(00:09)} 59. Kf3 {(00:20)} Bc2 {
(00:43)} 60. Bf2 {(02:36)} Kf5 {(00:31)} 61. g4+ {(
00:36)} hxg3 {(00:11)} 62. Bxg3 {(00:01)} Nf8 {(03:00)}
63. Bf2 {(00:37)} Ne6 {(00:18)} 64. Be3 {(00:01)} Bd1+ {
(00:09)} 65. Kg3 {(01:16)} Ke4 {(00:11)} 66. Bd2 {(
00:32)} Nd4 {(00:49)} 67. Be1 {(00:36)} Nf5+ {(01:05)} 68.
Kf2 {(00:10)} Kxf4 {(00:29)} 69. Bc3 {(00:42)} Ke4 {
(00:26)} 70. Ne2 {(00:40)} Kd3 {(00:40)} 71. e6 {(
00:31)} fxe6 {(00:13)} 72. Be5 {(00:32)} Bxe2 {(00:12)}
73. Bxc7 {(00:02)} Nd4 {(00:09)} 74. Bxb6 {(00:06)} Nxb3 {
(00:06)} 75. h4 {(00:03)} Bh5 {(00:32)} 0-1